 Dungeon Crawl Stone Soup version 0.28-a0-1504-g839a4452db (webtiles) character file.

Game seed: 17656791380898768391

39321 Nattfarinn the Unseen (level 14, -6/94 HPs)
             Began as a Kobold Brigand on Jan 13, 2022.
             Was a High Priest of Ashenzari.
             Engulfed by an ice statue's freezing vapour (19 damage)
             ... in an ice cave.
             The game lasted 01:21:06 (25274 turns).

Nattfarinn the Unseen (Kobold Brigand)             Turns: 25274, Time: 01:21:07

Health: -6/94      AC: 10    Str:  9    XL:     14   Next: 38%
Magic:  0/24       EV: 34    Int: 13    God:    Ashenzari [*****.]
Gold:   1175       SH:  0    Dex: 26    Spells: 15/26 levels left

rFire   . . .      SeeInvis +   r - +4 short sword "Burden of Ashenzari" {venom, Melee, Alch} (curse)
rCold   . . .      Faith    .   (no shield)
rNeg    . . .      Spirit   +   j - +1 robe of the All-seeing Moon {Will+, Range, Comp} (curse)
rPois   .          Reflect  .   n - +1 helmet "Bound Malaise" {Comp, Self} (curse)
rElec   .          Harm     .   c - +1 cloak "Shackled Fanaticism" {Comp, Range} (curse)
rCorr   .          Rampage  .   V - +1 pair of gloves "Chained Submission" {Cun, Range} (curse)
Will    ++...      Clarity  +   i - +0 pair of boots "Restrained Jealousy" {Alch, Evo} (curse)
Stlth   +++++++++.              o - amulet of Ashenzari's Disgust {Spirit, Alch, Comp} (curse)
HPRegen 0.25/turn               g - ring "Perceptive Doubts" {Wiz, Bglg, Cun} (curse)
MPRegen 0.19/turn               l - ring of Ashenzari's Adversity {Dex+6, Cun, Alch} (curse)

@: no status effects
A: small, no large weapons, nightstalker 3
a: Renounce Religion, Curse Item, Shatter the Chains


You were in an ice cave.
You worshipped Ashenzari.
Ashenzari was extremely pleased with you.
You visited 3 branches of the dungeon, and saw 16 of its levels.
You also visited: Bailey and Ice Cave.

You collected 1314 gold pieces.
You spent 139 gold pieces at shops.

Inventory:

Hand Weapons
 r - the cursed +4 short sword "Burden of Ashenzari" (weapon) {venom, Melee, Alch}
   (You took it off a kobold on level 6 of the Dungeon)

   It poisons the flesh of those it strikes.
   It has a curse which improves the following skills: Melee Combat: Short
   Blades, Long Blades, Axes, Maces & Flails, Polearms, Staves and Unarmed
   Combat.
   Alchemy:   Poison Magic and Transmutations.
Missiles
 d - 33 poisoned darts
 e - 4 curare-tipped darts (quivered)
 p - 2 throwing nets
Armour
 c - the cursed +1 cloak "Shackled Fanaticism" (worn) {Comp, Range}

   It has a curse which improves the following skills: Companions: Summonings
   and Necromancy.
   Ranged Combat: Slings, Bows, Crossbows and Throwing.
 i - the cursed +0 pair of boots "Restrained Jealousy" (worn) {Alch, Evo}
   (You found it on level 8 of the Dungeon)

   It has a curse which improves the following skills: Alchemy: Poison Magic and
   Transmutations.
   Evocations: Evocations.
 j - the cursed +1 robe of the All-seeing Moon (worn) {Will+, Range, Comp}
   (You bought it in a shop on level 7 of the Dungeon)

   It has a curse which improves the following skills: Ranged Combat: Slings,
   Bows, Crossbows and Throwing.
   Companions: Summonings and Necromancy.
 n - the cursed +1 helmet "Bound Malaise" (worn) {Comp, Self}
   (You found it on level 1 of the Dungeon)

   It has a curse which improves the following skills: Companions: Summonings
   and Necromancy.
   Introspection: Fighting and Spellcasting.
 I - the +0 swamp dragon scales of Idealism {rPois rF+ Regen+ rCorr Dex-2}
   (You took it off a spriggan in a bailey)

   Dex:       It affects your dexterity (-2).
   rF:        It protects you from fire.
   rPois:     It protects you from poison.
   Regen:     It increases your rate of health regeneration.
   rCorr:     It protects you from acid and corrosion.
 V - the cursed +1 pair of gloves "Chained Submission" (worn) {Cun, Range}
   (You found it on level 1 of the Lair of Beasts)

   It has a curse which improves the following skills: Cunning: Dodging and
   Stealth.
   Ranged Combat: Slings, Bows, Crossbows and Throwing.
Jewellery
 g - the cursed ring "Perceptive Doubts" (left hand) {Wiz, Bglg, Cun}
   (You found it on level 1 of the Dungeon)

   [ring of wizardry]

   It improves your spell success rate.
   It has a curse which improves the following skills: Beguiling: Conjurations,
   Hexes and Translocations.
   Cunning:   Dodging and Stealth.
 l - the cursed ring of Ashenzari's Adversity (right hand) {Dex+6, Cun, Alch}
   (You found it on level 3 of the Dungeon)

   [ring of dexterity]

   Dex:       It affects your dexterity (+6).
   It has a curse which improves the following skills: Cunning: Dodging and
   Stealth.
   Alchemy:   Poison Magic and Transmutations.
 o - the cursed amulet of Ashenzari's Disgust (around neck) {Spirit, Alch, Comp}
   (You found it on level 8 of the Dungeon)

   [amulet of guardian spirit]

   It causes incoming damage to be divided between your reserves of health and
   magic.
   It has a curse which improves the following skills: Alchemy: Poison Magic and
   Transmutations.
   Companions: Summonings and Necromancy.
 F - a ring of resist corrosion
 K - a ring of magical power
 T - a ring of poison resistance
Wands
 x - a wand of polymorph (25)
 z - a wand of charming (19)
 Q - a wand of iceblast (1)
Scrolls
 f - 2 scrolls of teleportation
 t - a scroll of torment
 u - 2 scrolls of vulnerability
 y - a scroll of amnesia
 B - 2 scrolls of silence
 D - 2 scrolls of magic mapping
 E - 2 scrolls of fear
 R - a scroll of fog
 S - 2 scrolls of enchant weapon
Potions
 a - 2 potions of invisibility
 h - 4 potions of haste
 k - 5 potions of might
 m - 4 potions of flight
 q - 6 potions of brilliance
 s - 2 potions of mutation
 v - a potion of ambrosia
 w - 5 potions of lignification
 A - 3 potions of curing
 C - 2 potions of cancellation
 M - a potion of resistance
Miscellaneous
 G - a tin of tremorstones (1/2)
 H - a condenser vane


   Skills:
 + Level 10.7(13.0) Fighting
 - Level 12.6(14.9) Short Blades
 - Level 3.8(7.8) Throwing
 + Level 14.2(18.6) Dodging
 - Level 15.0(19.4) Stealth
 - Level 4.6(6.8) Spellcasting
 - Level 4.3(9.2) Summonings
 - Level 4.5(9.5) Necromancy
 - Level 4.6(6.8) Translocations
 * Level 9.2(11.5) Evocations


You had 15 spell levels left.
You knew the following spells:

 Your Spells              Type           Power      Damage    Failure   Level
a - Apportation           Tloc           44%        N/A       1%          1
b - Teleport Other        Tloc           22%        N/A       1%          3
c - Dispel Undead         Necr           29%        3d13      1%          4
d - Call Canine Familiar  Summ           28%        N/A       1%          3

Your spell library contained the following spells:

 Spells                   Type           Power      Damage    Failure   Level
 Animate Skeleton         Necr           58%        N/A       1%          1
 Summon Small Mammal      Summ           100%       N/A       1%          1
 Corpse Rot               Necr/Air       32%        N/A       1%          2
 Sublimation of Blood     Necr           29%        N/A       1%          2
 Gell's Gravitas          Tloc           22%        N/A       1%          3
 Summon Guardian Golem    Hex/Summ       16%        N/A       2%          3
 Poisonous Vapours        Pois/Air       10%        N/A       9%          2
 Static Discharge         Conj/Air       4%         N/A       9%          2
 Animate Armour           Summ/Erth      32%        N/A       9%          4
 Petrify                  Tmut/Erth      5%         N/A       45%         4
 Leda's Liquefaction      Hex/Erth       2%         N/A       47%         4
 Sticky Flame             Conj/Fire      4%         2d3       47%         4
 Dispersal                Tloc           11%        N/A       47%         6
 Alistair's Intoxication  Tmut/Pois      4%         N/A       73%         5
 Blade Hands              Tmut           3%         N/A       73%         5
 Irradiate                Conj/Tmut      2%         3d14      77%         5
 Lee's Rapid Deconstruct  Erth           2%         3d5*      83%         5
 Iron Shot                Conj/Erth      2%         9d2       100%        6
 Statue Form              Tmut/Erth      3%         N/A       100%        6


Dungeon Overview and Level Annotations

Branches:
Dungeon (12/15)            Temple (1/1) D:4            Lair (3/6) D:10
    Orc (0/2) D:11         Bailey (visited)           IceCv (1/1)
  Swamp: Lair:2-4    Shoals: Lair:2-4     Snake: Lair:2-4    Spider: Lair:2-4

Altars:
Ashenzari
Cheibriados
Dithmenos
Elyvilon
Fedhas
Gozag
Hepliaklqana
Kikubaaqudgha
Makhleb
Nemelex Xobeh
Okawaru
Qazlal
Ru
Sif Muna
Trog
Uskayaw
Vehumet
Wu Jian
Xom
Yredelemnul
Zin
The Shining One

Shops:
D:5 (   D:7 :([   D:10 (

Annotations:
D:3 2 transporters
D:5 Prince Ribbit IceCv exclusion: ice statue


Innate Abilities, Weirdness & Mutations

You are small and have problems with some larger weapons.
You are completely attuned to the shadows.


Message History

The bolt of cold hits you!
You hit the ice statue but do no damage.
The ice statue is lightly damaged.
You hit the ice statue but do no damage.
The ice statue is lightly damaged.
The ice statue gestures at you. The freezing blast misses you.
You hit the ice statue.
The ice statue is lightly damaged.
You are engulfed in freezing vapours.
You hit the ice statue but do no damage.
The ice statue is lightly damaged.
You are engulfed in freezing vapours.
The ice statue gestures at you. The shard of ice misses you.
Casting: Dispel Undead (mildly dangerous; 1% risk of failure)
Confirm with . or Enter, or press ? or * to list all spells.
Okay, then.
The tremorstone explodes into fragments!
The burst of rock shards engulfs the ice statue!
The burst of rock shards engulfs you.
The burst of rock shards engulfs the ice statue!
The burst of rock shards engulfs you.
The burst of rock shards engulfs the ice statue.
The burst of rock shards engulfs you!
The burst of rock shards engulfs the ice statue.
The burst of rock shards engulfs you!
You are engulfed in freezing vapours.
The ice statue gestures at you. The bolt of cold misses you.
You are engulfed in freezing vapours.
* * * LOW HITPOINT WARNING * * *
The ice statue gestures at you. The freezing blast engulfs you!
* * * LOW HITPOINT WARNING * * *
Okay, then.
Blink to where?
Press: ? - help, Dir - move target
As you read the scroll of blinking, it crumbles to dust.
You are engulfed in freezing vapours.
You die...

########## ##############
##########################
##########################
##...☼○○######......######
#°°.###○○####.....##..##≈≈
#(.8°°###☼@.#....######≈≈≈#
##...######....###≈≈≈≈≈≈≈##
###..#########..##≈≈≈≈Z≈≈#
#..####..####.####≈≈≈≈≈≈≈
##..#.##..#.#.#≈{≈≈≈≈≈≈≈
####.#####...###≈≈≈ ≈≈≈
############...##≈≈ ≈≈#
##############..### ##
##############..## ###


There were no monsters in sight!

Vanquished Creatures
  Gastronok (D:9)
  Harold (D:7)
  2 hydras
  5 death yaks
  4 two-headed ogres
  4 skeletal warriors
  2 bog bodies
  Pikel (D:8)
  A deep elf pyromancer (D:12)
  An ugly thing (D:12)
  2 cyclopes
  Joseph (D:7)
  Psyche (D:9)
  3 cane toads (Lair:2)
  5 komodo dragons
  2 rime drakes (Lair:1)
  An efreet (D:12)
  A freezing wraith (IceCv)
  An anaconda simulacrum (IceCv)
  3 ice devils (Lair:1)
  6 trolls
  A wind drake (shapeshifter) (D:8)
  2 polar bears (Lair:1)
  5 blink frogs (Lair:1)
  3 slime creatures (D:12)
  Sigmund (D:2)
  6 spriggans (Bailey)
  3 vampires
  23 yaks
  2 dire elephant simulacra
  A wraith (D:12)
  3 wyverns
  A steam dragon (Bailey)
  2 basilisks (Lair:2)
  Eustachio (D:5)
  4 death yak simulacra
  An acid dragon (D:9)
  A harpy simulacrum (IceCv)
  10 water moccasins
  A black bear (Lair:2)
  7 orc warriors
  A hornet zombie (D:8)
  4 ice beasts
  15 ogres
  4 necrophages
  2 centaurs (D:9)
  17 wolves
  A phantom (D:7)
  A lemure (D:8)
  5 kobold brigands
  4 bullfrogs
  A wyvern zombie (D:7)
  4 gnoll sergeants
  7 two-headed ogre simulacra
  A water moccasin zombie (D:5)
  3 cane toad simulacra
  5 scorpions
  2 elephant simulacra (IceCv)
  4 killer bees
  4 howler monkeys
  7 centaur zombies
  2 jellies (D:6)
  Crazy Yiuf (D:7)
  4 orc priests
  A centaur skeleton (D:7)
  3 gnoll shamans
  2 iguanas
  A scorpion zombie (D:5)
  Ijyb (D:3)
  9 orc wizards
  5 spriggan simulacra (IceCv)
  8 troll simulacra (IceCv)
  3 wolf simulacra
  2 killer bee zombies (D:8)
  A hound skeleton (D:5)
  A mummy (D:4)
  22 gnolls
  7 naga simulacra
  6 adders
  A shadow imp (D:6)
  5 white imps
  6 ufetubi (IceCv)
  3 adder skeletons
  2 worms
  24 orcs
  6 ball pythons
  A bat (D:1)
  3 endoplasms
  3 giant cockroaches
  13 goblins
  10 hobgoblins
  9 jackals
  3 quokkas
  3 frilled lizards
  2 hobgoblin zombies (D:4)
  12 kobolds
  A kobold zombie (D:4)
  An orc zombie (D:4)
  7 rats
412 creatures vanquished.

Vanquished Creatures (collateral kills)
  A vampire (D:10)
1 creature vanquished.

Vanquished Creatures (others)
  16 fungi
  14 plants
  4 toadstools (D:12)
34 creatures vanquished.

Grand Total: 447 creatures vanquished

Notes
Turn   | Place    | Note
-------+----------+-------------------------------------------
     0 | D:1      | Nattfarinn the Kobold Brigand began the quest for the Orb.
     0 | D:1      | Reached XP level 1. HP: 12/12 MP: 1/1
   226 | D:1      | Reached XP level 2. HP: 18/18 MP: 2/2
  1131 | D:2      | Reached XP level 3. HP: 22/22 MP: 3/3
  1148 | D:2      | Noticed Sigmund
  1337 | D:2      | Reached skill level 6 in Stealth
  2621 | D:2      | Reached XP level 4. HP: 24/27 MP: 4/4
  3177 | D:2      | Learned a level 2 spell: Static Discharge
  3433 | D:3      | Found a faded altar of an unknown god.
  3439 | D:3      | Noticed Ijyb
  3472 | D:3      | Killed Ijyb
  3897 | D:3      | Found a transporter.
  3930 | D:3      | Found a transporter.
  4034 | D:2      | Killed Sigmund
  4035 | D:2      | Reached skill level 7 in Stealth
  4035 | D:2      | Reached XP level 5. HP: 29/32 MP: 5/5
  4035 | D:2      | Reached XP level 6. HP: 33/37 MP: 6/6
  4895 | D:4      | Reached skill level 8 in Stealth
  4895 | D:4      | Reached XP level 7. HP: 42/42 MP: 7/7
  5082 | D:4      | Found a staircase to the Ecumenical Temple.
  5088 | Temple   | Entered the Ecumenical Temple
  5383 | Temple   | Became a worshipper of Ashenzari the Shackled
  6060 | D:5      | Entered Level 5 of the Dungeon
  6340 | D:5      | Reached skill level 5 in Short Blades
  6373 | D:5      | Found Liydwaed's Antique Weapon Shoppe.
  6658 | D:5      | Reached XP level 8. HP: 48/48 MP: 8/8
  6676 | D:5      | Noticed Eustachio
  6679 | D:5      | Killed Eustachio
  6680 | D:5      | Reached skill level 9 in Stealth
  6706 | D:5      | Noticed Prince Ribbit
  6750 | D:5      | Found a shimmering blue altar of Sif Muna.
  7637 | D:6      | Identified the cursed +1 helmet "Bound Malaise" {Comp,
                  | Self} (You found it on level 1 of the Dungeon)
  7991 | D:6      | Reached skill level 5 in Fighting
  7991 | D:6      | Reached skill level 10 in Stealth
  8217 | D:6      | Reached skill level 5 in Dodging
  8217 | D:6      | Reached XP level 9. HP: 54/54 MP: 9/9
  8326 | D:6      | Found a glowing golden altar of the Shining One.
  8388 | D:6      | Reached * piety under Ashenzari
  8679 | D:6      | Noticed a two-headed ogre
  8697 | D:6      | Killed a two-headed ogre
  8698 | D:6      | Reached skill level 11 in Stealth
  9109 | D:7      | Found Zoppimn's Armour Boutique.
  9115 | D:7      | Bought a +1 robe of willpower for 139 gold pieces
  9171 | D:7      | Noticed Joseph
  9188 | D:7      | Killed Joseph
  9189 | D:7      | Reached XP level 10. HP: 22/63 MP: 10/10
  9496 | D:7      | Found Vyf Joe's Book Shoppe.
  9511 | D:7      | Noticed Harold
  9515 | D:7      | Killed Harold
  9516 | D:7      | Reached skill level 12 in Stealth
  9575 | D:7      | Found a runed translucent door.
  9618 | D:7      | Reached skill level 10 in Short Blades
  9726 | D:7      | Reached ** piety under Ashenzari
  9728 | D:7      | Found Arrosowu's Antique Weapon Shoppe.
 10576 | D:7      | Noticed a cyclops
 10580 | D:7      | Killed a cyclops
 10581 | D:7      | Reached skill level 13 in Stealth
 11148 | D:7      | Noticed Crazy Yiuf
 11287 | D:7      | Killed Crazy Yiuf
 11288 | D:7      | Reached XP level 11. HP: 69/69 MP: 11/11
 12294 | D:9      | Noticed Pikel
 12317 | D:8      | Killed Pikel
 12318 | D:8      | Reached skill level 14 in Stealth
 12500 | D:9      | Reached skill level 10 in Dodging
 12582 | D:9      | Found a flagged portal.
 12590 | Bailey   | Entered a bailey
 12637 | Bailey   | Reached *** piety under Ashenzari
 12845 | Bailey   | Identified the +0 swamp dragon scales of Idealism {rPois
                  | rF+ Regen+ rCorr Dex-2}
 13062 | Bailey   | Noticed a two-headed ogre
 13091 | Bailey   | Killed a two-headed ogre
 13524 | D:9      | Noticed Gastronok
 13526 | D:9      | Killed Gastronok
 13527 | D:9      | Reached skill level 15 in Stealth
 13527 | D:9      | Reached XP level 12. HP: 77/77 MP: 12/12
 13649 | D:9      | Learned a level 3 spell: Teleport Other
 13952 | D:9      | Noticed Psyche
 13956 | D:9      | Killed Psyche
 13957 | D:9      | Reached skill level 1 in Spellcasting
 13957 | D:9      | Reached skill level 1 in Translocations
 14225 | D:10     | Entered Level 10 of the Dungeon
 14244 | D:9      | Reached **** piety under Ashenzari
 14398 | D:10     | Found Ceownoos's Weapon Shoppe.
 14536 | D:10     | Found a staircase to the Lair.
 15171 | D:10     | Found a glowing silver altar of Zin.
 15708 | D:11     | Found a staircase to the Orcish Mines.
 16055 | D:11     | Noticed a two-headed ogre
 16059 | D:11     | Killed a two-headed ogre
 16161 | D:11     | Reached ***** piety under Ashenzari
 16476 | D:11     | Learned a level 1 spell: Apportation
 16503 | D:12     | Reached skill level 1 in Necromancy
 16783 | D:12     | Noticed a skeletal warrior
 16784 | D:12     | Noticed a skeletal warrior
 16784 | D:12     | Noticed a skeletal warrior
 17051 | D:12     | Learned a level 4 spell: Dispel Undead
 17085 | D:12     | Noticed a skeletal warrior
 17607 | D:12     | Identified the +2 falchion of Luhed {chaos, rElec rC+}
 17844 | D:12     | Noticed a two-headed ogre
 17848 | D:12     | Killed a two-headed ogre
 17849 | D:12     | Reached XP level 13. HP: 83/83 MP: 23/23
 18379 | D:12     | Reached skill level 1 in Summonings
 18540 | D:12     | Learned a level 3 spell: Call Canine Familiar
 19126 | Lair:1   | Entered Level 1 of the Lair of Beasts
 19719 | Lair:1   | Noticed an eight-headed hydra
 19745 | Lair:1   | Reached skill level 1 in Evocations
 19750 | Lair:1   | Killed an eight-headed hydra
 20889 | Lair:1   | Reached skill level 5 in Evocations
 22206 | Lair:2   | Reached skill level 10 in Fighting
 22208 | Lair:2   | Reached XP level 14. HP: 92/92 MP: 24/24
 23820 | Lair:3   | Found a frozen archway.
 23827 | IceCv    | Entered an ice cave
 25274 | IceCv    | Engulfed by an ice statue's freezing vapour

Illustrated notes

Levels and vault maps discovered:
D:1:      eino_arrival_tree_alley, layout_basic, serial_glass, glass_columns_a,
          glass_columns_a, minmay_cut_off
D:2:      layout_basic, minmay_misc_feat_four_crosses, uniq_sigmund
D:3:      layout_basic, ebering_ecumenical_altar_webs,
          gammafunk_ghost_abyssal_escape, minmay_goblin_outpost, uniq_ijyb
D:4:      layout_loops_cross, minmay_temple_entry_hall, minmay_mini_ossuary
D:5:      layout_basic, lemuel_blue_sif_altar, serial_shops, nicolae_shop_stone,
          chequers_serial_rivers_micro_d, uniq_prince_ribbit1, uniq_eustachio
D:6:      layout_rooms, tso_altar, serial_aquarium, aquarium_bridge_long_joined
          [aquarium_subvault_bridge, aquarium_subvault_window,
          aquarium_subvault_window, aquarium_subvault_bridge,
          aquarium_subvault_bridge, aquarium_subvault_bridge],
          aquarium_window_corridor_2, aquarium_window_1, aquarium_view_2e,
          aquarium_pool_four
D:7:      minmay_opposing_rooms, layout_basic, serial_shops, shop, shop_statue,
          nicolae_stop_n_shop_1, serial_park_tiny_1, uniq_crazy_yiuf_cottage,
          uniq_joseph, uniq_harold
D:8:      layout_cave_pools, chequers_serial_rivers_micro_c,
          minmay_chambers_of_fives
D:9:      layout_loops_ring, enter_bailey_3, serial_bayou_crossing, uniq_psyche,
          uniq_pikel, uniq_gastronok
D:10:     layout_loops_ring, zin_statuary, dpeg_oklobed_lair, serial_shops,
          shop, kennysheep_dice
D:11:     layout_basic, kennysheep_orc_monster_closet_entryway
D:12:     layout_basic, minmay_gold_behind_fungi
Temple:   mainiacjoe_temple_bowtie_tessellation
Lair:1:   dreamdust_isle_of_ice, layout_gridlike, nicolae_quartered_pool_medium,
          minmay_stone_trees_small, grunt_megastairs_4
Lair:2:   layout_cave_pods, grunt_megastairs_2
Lair:3:   layout_cave_pods, elwin_shoals_entry_rocks, dummy_snake_entry,
          portal_ice_cave_entry_pillars_1, serial_bayou_shore_b
IceCv:    ice_cave_caverns_02

Skill      XL: |  1  2  3  4  5  6  7  8  9 10 11 12 13 14 |
---------------+-------------------------------------------+-----
Short Blades   | 3 4 5 7 9 10 12 | 12.6
Stealth        | 6 7 8 10 11 13 15 | 15.0
Fighting       | 3 4 5 6 7 8 10 | 10.7
Throwing       | 3 |  3.8
Dodging        | 3 5 7 9 10 12 13 14 | 14.2
Spellcasting   | 4 |  4.6
Translocations | 4 |  4.6
Necromancy     | 4 |  4.5
Summonings     | 4 |  4.3
Evocations     | 6 9 |  9.2

Action                   |  1- 3 |  4- 6 |  7- 9 | 10-12 | 13-15 || total
-------------------------+-------+-------+-------+-------+-------++-------
Melee: Dagger            |    93 |    97 |   267 |       |       ||   457
       Punch             |     2 |     2 |     7 |     9 |    19 ||    39
       Unarmed           |       |     4 |       |       |       ||     4
       Short sword       |       |       |    37 |   826 |   743 ||  1606
Throw: Dart              |     2 |    20 |    13 |     7 |     3 ||    45
 Cast: Static Discharge  |       |     3 |       |       |       ||     3
       Dispel Undead     |       |       |       |     2 |    36 ||    38
       Call Canine Famil |       |       |       |       |     2 ||     2
Invok: Curse Item        |       |       |     2 |     6 |     1 ||     9
Evoke: Wand              |       |       |    16 |     1 |    25 ||    42
       Tin of tremorston |       |       |       |       |     1 ||     1
  Use: Scroll            |     5 |       |     8 |     5 |     4 ||    22
       Potion            |       |       |     2 |     1 |     3 ||     6
 Stab: Sleeping          |    18 |     9 |    27 |    43 |    43 ||   140
       Confused          |       |     1 |       |       |       ||     1
       Distracted        |       |       |       |     7 |     2 ||     9
Armor: Robe              |    12 |    14 |    29 |    47 |    45 ||   147
       Skin              |       |     1 |    42 |       |       ||    43
Dodge: Dodged            |    46 |    60 |   121 |   601 |   731 ||  1559

Table legend: (Time is in decaauts)
 A = Elapsed time spent in this place.
 B = Non-inter-level travel time spent in this place.
 C = Inter-level travel time spent in this place.
 D = Time resting spent in this place.
 E = Time spent auto-exploring this place.
 F = Levels seen in this place.
 G = Mean time per level.
                   A        B        C        D        E       F      G
               +--------+--------+--------+--------+--------+-----+--------+
         Total |  24436 |  22761 |   1675 |   5337 |  13222 |  18 | 1357.6 |
       Dungeon |  17397 |  15976 |   1421 |   3269 |   9870 |  12 | 1449.8 |
        Temple |    328 |    283 |     45 |      0 |    268 |   1 |  328.0 |
          Lair |   4442 |   4234 |    208 |   1107 |   2318 |   3 | 1480.7 |
        Bailey |    897 |    897 |      0 |    517 |    176 |   1 |  897.0 |
      Ice Cave |   1370 |   1370 |      0 |    444 |    589 |   1 | 1370.0 |
               +--------+--------+--------+--------+--------+-----+--------+

Top non-repeatable levels by time:
  Lair:1: 2926 daAuts
     D:2: 2502 daAuts
    D:12: 2335 daAuts
     D:7: 2159 daAuts
     D:6: 1582 daAuts
  Lair:2: 1479 daAuts
   IceCv: 1370 daAuts
     D:4: 1219 daAuts
     D:3: 1191 daAuts
    D:10: 1139 daAuts
     D:5: 1115 daAuts
     D:8: 1093 daAuts
    D:11: 1056 daAuts
     D:1: 1038 daAuts
     D:9: 963 daAuts
